 Dungeon Crawl Stone Soup version 0.20-a0-151-g755e310 (webtiles) character file.

2611 Faca the Cleaver (level 9, -3/69 HPs)
             Began as a Formicid Fighter on Nov 22, 2016.
             Was a Follower of Trog.
             Slain by a rust devil (8 damage)
             ... on level 7 of the Dungeon.
             The game lasted 00:34:41 (6797 turns).

Faca the Cleaver (Formicid Fighter)                 Turns: 6797, Time: 00:34:44

Health: -3/69      AC: -15   Str: 22    XL:     9   Next: 90%
Magic:  9/9        EV:  7    Int:  7    God:    Trog [*.....]
Gold:   342        SH: 11    Dex: 13    Spells: 8/8 levels left

rFire  . . .     SeeInvis +     a - +1 war axe
rCold  . . .     Gourm    .     y - +0 plate armour
rNeg   . . .     Faith    .     c - +0 shield
rPois  .         Spirit   .     (helmet unavailable)
rElec  .         Reflect  .     n - +0 cloak
rCorr  .         Harm     .     g - +1 pair of gloves
MR     .....                    (no boots)
Stlth  ..........               (no amulet)
                                (no ring)
                                m - ring of stealth

@: corroded
A: permanent stasis, dig shafts and tunnels, four strong arms, antennae 3
a: Dig, Shaft Self, Burn Spellbooks, Renounce Religion


You were on level 7 of the Dungeon.
You worshipped Trog.
Trog was aware of your devotion.
You were not hungry.

You visited 2 branches of the dungeon, and saw 8 of its levels.

You collected 342 gold pieces.

Inventory:

Hand Weapons
 a - a +1 war axe (weapon)
Armour
 c - a +0 shield (worn)
 g - a +1 pair of gloves (worn)
 n - a +0 cloak (worn)
 y - a +0 plate armour (worn)
Jewellery
 m - a ring of stealth (left hand)
Wands
 b - a wand of disintegration (9/24)
Scrolls
 e - 5 scrolls of identify
 i - a scroll of remove curse
 j - 2 scrolls of fog
 r - a scroll of enchant weapon
Potions
 d - 3 potions of might
 h - a potion of agility
 k - 2 potions of magic {unknown}
 l - a potion of cancellation {unknown}
 o - a potion of invisibility {unknown}
 p - 2 potions of heal wounds {unknown}
 t - 2 potions of haste {unknown}
 u - a potion of curing
Comestibles
 f - 6 bread rations
 s - a royal jelly
 v - a meat ration
 w - a beef jerky


   Skills:
 + Level 6.1 Fighting
 + Level 8.9 Axes
   Level 0.4(5.5) Maces & Flails
 + Level 6.6 Armour
 + Level 2.2 Dodging
 + Level 1.0 Stealth
 + Level 7.3 Shields


You had 8 spell levels left.
You didn't know any spells.

Dungeon Overview and Level Annotations

Branches:
Dungeon (7/15)             Temple (1/1) D:5

Altars:
Cheibriados
Dithmenos
Elyvilon
Fedhas
Gozag
Hepliaklqana
Kikubaaqudgha
Makhleb
Nemelex Xobeh
Okawaru
Qazlal
Ru
Sif Muna
Trog
Uskayaw
Xom
Yredelemnul
The Shining One

Shops:
D:5 [

Annotations:
D:4 Quilel's ghost, novice DEEn


Innate Abilities, Weirdness & Mutations

You cannot be hasted, slowed, berserked, paralysed or teleported.
You can dig through walls and to a lower floor.
Your four strong arms can wield two-handed weapons with a shield.
You have a pair of large antennae on your head. (SInv)


Message History

* * * LOW HITPOINT WARNING * * *
The rust devil corrodes you! The rust devil barely misses you.
You are too injured to fight recklessly!
You are too injured to fight recklessly!
You hit the rust devil but do no damage.
The rust devil is lightly wounded.
You closely miss the rust devil. The rust devil hits you.
* * * LOW HITPOINT WARNING * * *
The rust devil corrodes you! You block the rust devil's attack.
You hit the rust devil.
The rust devil is lightly wounded.
You hit the rust devil but do no damage.
You block the rust devil's attack. x2
Your plate armour prevents you from hitting the rust devil.
The rust devil is lightly wounded.
You hit the rust devil but do no damage.
The rust devil hits you.
* * * LOW HITPOINT WARNING * * *
The rust devil corrodes you! The rust devil hits you!
You die...

### ##4## ##.#@##
########.###4#####
######.......#####....#
.......######.....#|..#
.#############...##...####
{
......<............########
#####.....................
#.............#####.
#.......##...........


You could see 2 rust devils.

Vanquished Creatures
  Prince Ribbit (D:6)
  A hippogriff (D:7)
  Sigmund (D:4)
  Eustachio (D:5)
  Menkaure (D:5)
  Edmund (D:4)
  A water moccasin (D:7)
  An orc warrior (D:7)
  A sky beast (D:6)
  A phantom (D:7)
  An ogre (D:6)
  A black bear (D:6)
  2 centaurs (D:6)
  A big kobold (D:7)
  Blork the orc (D:5)
  A bullfrog (D:7)
  A scorpion (D:5)
  3 crimson imps
  A quasit (D:7)
  3 orc wizards
  An orc priest (D:7)
  Crazy Yiuf (D:2)
  Natasha (thrice) (D:2)
  An iguana (D:7)
  A worker ant (D:4)
  Robin (D:2)
  11 gnolls
  8 adders
  A shadow imp (D:6)
  An adder zombie (D:7)
  4 worms
  A dart slug (D:1)
  4 leopard geckos
  16 orcs
  2 ball pythons
  7 bats
  3 giant cockroaches
  14 goblins
  16 hobgoblins
  12 jackals
  15 kobolds
  2 quokkas
  8 frilled lizards
  A quokka skeleton (D:6)
  8 rats
167 creatures vanquished.

Notes
Turn   | Place    | Note
-------+----------+-------------------------------------------
     0 | D:1      | Faca the Formicid Fighter began the quest for the Orb.
     0 | D:1      | Reached XP level 1. HP: 18/18 MP: 1/1
    22 | D:1      | Reached XP level 2. HP: 12/24 MP: 2/2
   209 | D:1      | Reached XP level 3. HP: 13/29 MP: 3/3
   893 | D:2      | Noticed Natasha
   897 | D:2      | Reached XP level 4. HP: 32/35 MP: 4/4
   902 | D:2      | Killed Natasha
   902 | D:2      | Reached skill level 3 in Axes
   989 | D:2      | Found a runed door.
   993 | D:2      | Noticed Crazy Yiuf
   999 | D:2      | Killed Crazy Yiuf
   999 | D:2      | Reached skill level 1 in Dodging
   999 | D:2      | Reached XP level 5. HP: 30/41 MP: 5/5
  1108 | D:2      | Noticed Robin
  1164 | D:2      | Killed Robin
  1470 | D:2      | Noticed Natasha
  1476 | D:2      | Killed Natasha
  1571 | D:2      | Noticed Natasha
  1590 | D:2      | Killed Natasha
  1590 | D:2      | Reached skill level 5 in Shields
  1590 | D:2      | Reached XP level 6. HP: 21/48 MP: 6/6
  2059 | D:3      | Found a glowing golden altar of the Shining One.
  2112 | D:3      | Found a faded altar of an unknown god.
  2223 | D:3      | Reached skill level 4 in Axes
  2421 | D:3      | Found a snail-covered altar of Cheibriados.
  2712 | D:4      | Noticed Quilel's ghost (novice DEEn)
  2947 | D:4      | Noticed Sigmund
  2966 | D:4      | Killed Sigmund
  2966 | D:4      | Reached skill level 5 in Axes
  2966 | D:4      | Reached XP level 7. HP: 40/54 MP: 7/7
  3244 | D:4      | Noticed Edmund
  3257 | D:4      | Killed Edmund
  3774 | D:5      | Entered Level 5 of the Dungeon
  3917 | D:5      | Noticed Blork the orc
  3932 | D:5      | Killed Blork the orc
  3932 | D:5      | Reached XP level 8. HP: 36/61 MP: 8/8
  4062 | D:5      | Found a staircase to the Ecumenical Temple.
  4068 | D:5      | Found Fecsav's Armour Emporium.
  4079 | Temple   | Entered the Ecumenical Temple
  4194 | Temple   | Became a worshipper of Trog the Wrathful
  4397 | D:5      | Noticed Menkaure
  4424 | D:5      | Killed Menkaure
  4424 | D:5      | Reached skill level 6 in Axes
  4424 | D:5      | Reached skill level 5 in Armour
  4498 | D:5      | Noticed Eustachio
  4516 | D:5      | Killed Eustachio
  4886 | D:5      | Reached skill level 5 in Fighting
  5094 | D:6      | Noticed Prince Ribbit
  5130 | D:6      | Killed Prince Ribbit
  5130 | D:6      | Reached skill level 7 in Axes
  5136 | D:6      | Reached XP level 9. HP: 25/68 MP: 9/9
  5339 | D:6      | Found an opulent altar of Gozag.
  5709 | D:6      | Found a shadowy altar of Dithmenos.
  5736 | D:6      | Reached * piety under Trog
  5998 | D:6      | Reached skill level 8 in Axes
  6390 | D:7      | Noticed a hippogriff
  6411 | D:7      | Killed a hippogriff
  6492 | D:7      | Found a basalt altar of Yredelemnul.
  6600 | D:6      | Noticed a rust devil
  6600 | D:6      | Noticed a rust devil
  6611 | D:7      | Reached skill level 1 in Stealth
  6797 | D:7      | Slain by a rust devil

Vault maps used:
D:1:      dpeg_arrival_tiny_a, serial_forest, infiniplex_forest_straight_2,
          infiniplex_forest_straight_2, infiniplex_forest_clump_small,
          infiniplex_forest_lined_room_2, infiniplex_forest_lined_4_way,
          infiniplex_forest_lined_3, infiniplex_forest_clump_medium,
          infiniplex_forest_clump_medium
D:2:      dk_noncrumbling_3, uniq_natasha, uniq_robin, uniq_crazy_yiuf_cottage
D:3:      cheibriados_altar_wand_db, lemuel_crystal_altar,
          chequers_ecumenical_altar_island, minmay_bisected
D:4:      first_bread, uniq_sigmund, uniq_edmund
D:5:      serial_shops, kennysheep_mini, hangedman_abyss_or_decor_lesser_grid,
          uniq_blork_the_orc, uniq_eustachio, uniq_menkaure
D:6:      cheibrodos_iron_armory, nicolae_overflow_crystal_walls,
          grunt_ministairs_10, nicolae_gozag_seed_capital, uniq_prince_ribbit1
D:7:      basic_altar
Temple:   eino_temple_scatter_basement

Skill      XL: |  1  2  3  4  5  6  7  8  9 |
---------------+----------------------------+-----
Shields        | 4 5 6 7 |  7.3
Axes           | 3 5 7 8 |  8.9
Dodging        | 1 2 |  2.2
Armour         | 4 5 6 |  6.6
Fighting       | 4 5 6 |  6.1
Stealth        | 1 |  1.0
Maces & Flails | |  0.4

Action                   |  1- 3 |  4- 6 |  7- 9 || total
-------------------------+-------+-------+-------++-------
Melee: War axe           |    64 |   185 |   308 ||   557
       Mace              |       |    51 |       ||    51
Invok: Burn Spellbooks   |       |       |     1 ||     1
 Abil: Dig               |       |       |     1 ||     1
  Use: Scroll            |     3 |     5 |     5 ||    13
       Potion            |       |     1 |     2 ||     3
  Eat: Pizza             |       |     1 |       ||     1
       Beef jerky        |       |     1 |       ||     1
       Meat ration       |       |     1 |     2 ||     3
       Fruit             |       |       |     4 ||     4
Armor: Scale mail        |    29 |    59 |       ||    88
       Chain mail        |       |    45 |   148 ||   193
       Plate armour      |       |       |     4 ||     4
Dodge: Dodged            |    25 |    99 |   116 ||   240
Block: Shield            |    43 |   159 |   197 ||   399
